Map: Kairos Junction LE

Players

IIIIIIIIIIII

  • Race: Zerg Zerg
  • Spawn Location: 11:00

Lambo - Winner!

  • Race: Zerg Zerg
  • League: Grandmaster
  • Spawn Location: 5:00

VOD

Have the link to the VOD?

Description

Time

  • Played on: Jan. 9, 2019, 11:06 a.m.
  • Length: 9:35
Show
View Real Time Build Order
Export as new Build Order

IIIIIIIIIIII Zerg 

Build Orders: Pool First 

Get SALT Encoding   

  12  0:00  Drone  
  13  0:13  Overlord  
  13  0:17  Drone  
  14  0:31  Drone x2  
  16  0:40  Drone  
  17  0:45  Spawning Pool  
  17  0:48  Drone  
  17  0:58  Drone  
  17  1:02  Extractor  
  17  1:14  Hatchery  
  17  1:17  Drone  
  17  1:20  Drone  
  18  1:31  Queen  
  20  1:34  Zergling x2  
  20  1:39  Zergling x2  
  22  1:49  Extractor  
  22  1:50  Zergling x2  
  23  2:01  Overlord  
  23  2:06  Metabolic Boost  
  23  2:20  Queen  
  24  2:37  Drone x2  
  24  2:38  Drone x2  
  28  2:51  Zergling x6  
  31  2:59  Overlord  
  31  3:13  Drone x4  
  31  3:15  Drone  
  31  3:18  Overlord  
  31  3:19  Drone  
  37  3:25  Evolution Chamber  
  35  3:28  Drone x3  
  37  3:43  Hatchery  
  37  3:45  Drone x2  
  38  3:49  Drone  
  38  3:50  Drone  
  40  3:56  Drone x2  
  40  3:57  Drone  
  40  3:59  Drone  
  44  4:06  Zerg Ground Armor Level 1  
  44  4:08  Overlord  
  44  4:10  Drone  
  44  4:13  Drone  
  44  4:14  Drone  
  47  4:19  Queen  
  47  4:22  Drone  
  47  4:23  Extractor x2  
  48  4:24  Drone  
  48  4:30  Roach Warren  
  48  4:32  Drone  
  48  4:34  Drone  
  48  4:35  Drone  
  48  4:37  Drone  
  52  4:39  Overlord  
  52  4:42  Overlord  
  52  4:46  Overlord  
  52  4:53  Overlord  
  52  5:11  Roach x8  
  52  5:13  Roach  
  70  5:17  Roach  
  70  5:18  Roach  
  74  5:22  Overlord  
  74  5:24  Roach  
  74  5:25  Roach  
  78  5:29  Roach  
  78  5:33  Roach x2  
  84  5:39  Roach x2  
  84  5:40  Roach  
  90  5:46  Roach x2  
  94  5:52  Overlord  
  94  5:55  Zergling x8  
  98  5:58  Zergling x4  
  98  6:02  Zergling x6  
  103  6:05  Overlord  
  103  6:11  Zergling x8  
  107  6:24  Zergling x8  
  100  6:30  Zerg Missile Weapons Level 1  
  86  6:37  Roach x6  
  95  6:42  Zergling x2  
  95  6:43  Zergling x6  
  95  6:45  Roach  
  95  6:46  Zergling x2  
  81  6:56  Roach x3  
  85  7:08  Overlord  
  85  7:09  Roach  
  85  7:10  Roach  
  85  7:12  Roach x2  
  93  7:19  Ravager  
  93  7:22  Roach x6  
  106  7:34  Roach x4  
  113  7:41  Overlord  
  113  7:43  Ravager x3  
  116  7:50  Extractor  
  115  7:52  Roach x3  
  115  7:57  Overlord  
  115  7:58  Overlord  
  122  8:06  Zergling x12  
  122  8:12  Zergling x8  
  132  8:15  Ravager x2  
  132  8:16  Zergling x4  
  136  8:21  Zergling x6  
  136  8:26  Zergling x6  
  142  8:34  Zergling x10  
  142  8:38  Ravager x3  
  142  8:39  Overlord  
  149  8:44  Zergling x6  
  143  8:59  Zergling x20  
  138  9:07  Zergling x6  
  124  9:12  Zergling x2  
Show
View Real Time Build Order
Export as new Build Order

Lambo Zerg - Winner!

Build Orders: Pool First 

Get SALT Encoding   

  12  0:16  Spawning Pool  
  11  0:21  Drone  
  11  0:26  Drone  
  13  0:31  Drone  
  14  0:40  Overlord  
  14  1:03  Zergling x2  
  14  1:04  Zergling x4  
  17  1:15  Hatchery  
  17  1:18  Zergling x2  
  17  1:28  Zergling x2  
  17  1:32  Queen  
  18  1:37  Drone  
  21  1:49  Overlord  
  21  1:59  Drone  
  22  2:09  Drone  
  22  2:12  Queen  
  25  2:20  Drone  
  26  2:27  Queen, Drone  
  29  2:33  Drone  
  29  2:39  Drone  
  29  2:43  Drone x3  
  32  2:54  Queen  
  32  2:55  Overlord  
  34  3:03  Drone  
  35  3:07  Drone  
  35  3:14  Drone  
  35  3:15  Drone x2  
  35  3:18  Extractor, Drone  
  35  3:19  Extractor  
  37  3:22  Drone  
  37  3:24  Drone  
  37  3:25  Drone  
  40  3:28  Drone  
  40  3:30  Evolution Chamber, Drone  
  41  3:34  Roach Warren  
  41  3:46  Roach Warren  
  41  3:47  Drone x3  
  43  3:50  Drone  
  43  3:53  Overlord  
  43  3:54  Overlord  
  44  4:01  Extractor  
  43  4:02  Overlord  
  43  4:15  Drone x5  
  48  4:18  Zerg Missile Weapons Level 1  
  48  4:20  Drone  
  48  4:23  Drone  
  50  4:27  Drone x3  
  53  4:33  Lair  
  53  4:37  Drone  
  54  4:40  Overlord  
  54  4:41  Roach x2  
  54  4:45  Roach  
  60  4:59  Hatchery  
  59  5:01  Roach x3  
  65  5:09  Roach  
  65  5:12  Overlord  
  65  5:13  Extractor  
  66  5:17  Overlord  
  66  5:22  Drone  
  66  5:23  Drone  
  66  5:24  Overlord  
  67  5:35  Drone x2  
  69  5:36  Overseer  
  69  5:44  Drone x3  
  69  5:47  Overlord  
  69  5:49  Roach x4, Glial Reconstitution  
  80  5:54  Evolution Chamber  
  80  5:57  Roach  
  80  6:00  Roach x5  
  91  6:04  Overlord  
  91  6:06  Roach  
  91  6:09  Ravager  
  91  6:11  Roach x2, Ravager  
  97  6:14  Roach  
  101  6:25  Roach x3  
  100  6:30  Roach  
  100  6:31  Roach  
  100  6:32  Overlord  
  98  6:38  Roach  
  88  6:49  Drone x7  
  93  6:55  Drone  
  93  6:56  Zerg Missile Weapons Level 2  
  94  7:03  Evolution Chamber, Drone  
  94  7:04  Drone  
  95  7:11  Drone  
  96  7:16  Drone x2  
  96  7:20  Roach x4  
  106  7:27  Roach x3  
  112  7:39  Drone x3  
  112  7:41  Drone x2  
  121  7:44  Roach x2  
  121  7:45  Overlord  
  121  7:49  Overlord  
  121  7:53  Overlord  
  121  7:55  Overlord  
  121  7:58  Overlord  
  121  8:01  Overlord  
  121  8:05  Ravager  
  122  8:08  Overlord  
  122  8:09  Roach x3  
  128  8:13  Roach x2  
  128  8:18  Roach x3  
  128  8:19  Ravager x2  
  140  8:21  Roach  
  140  8:26  Roach x2  
  146  8:29  Roach x2  
  146  8:32  Roach x2  
  154  8:35  Roach  
  154  8:39  Roach x2  
  160  8:43  Roach x2  
  164  8:51  Roach x3  
  164  8:55  Roach x2  
  170  8:58  Roach x3  
  170  9:01  Roach x2  
  159  9:03  Roach  
  159  9:05  Roach  
  159  9:09  Zergling x6  
  132  9:23  Roach Warren  
Tags
 
Add a new tag
Caveats
  • Supply blocks, unpowered buildings, or Contaminate may cause inaccurate times.
  • Supply counts are checked every 10 seconds.